 Dungeon Crawl Stone Soup version 0.19-a0-593-gf2cdb02 (webtiles) character file.

19982 mistymad the Covert (level 12, -2/91 HPs)
             Began as a Vampire Enchanter on June 10, 2016.
             Was a Believer of Ashenzari.
             Slain by a catoblepas (17 damage)
             ... on level 2 of the Lair of Beasts.
             The game lasted 00:49:26 (15977 turns).

mistymad the Covert (Vampire Enchanter)            Turns: 15977, Time: 00:49:26

Health: -2/91      AC: 11    Str:  7    XL:     12   Next: 41%
Magic:  4/24       EV:  2    Int: 22    God:    Ashenzari [**....]
Gold:   742        SH:  0    Dex: 18    Spells: 6 memorised, 13 levels left

rFire  + + .     SeeInvis +     e - +1 dagger (venom)
rCold  + . .     Gourm    .     n - +0 robe {rF+}
rNeg   + + +     Faith    .     O - +2 buckler
rPois  ∞         Spirit   .     Q - +2 helmet {Int+3}
rElec  .         Dismiss  .     i - +2 cloak
rCorr  .         Reflect  .     (no gloves)
SustAt .         Harm     .     (no boots)
MR     +....                    (no amulet)
Stlth  +++++++...               y - +3 ring of protection
                                P - ring of protection from fire

@: petrified, regenerating slowly, somewhat resistant to hostile enchantments,
extremely stealthy
A: fangs 3, see invisible, unbreathing
a: Bat Form, Curse Item, Scrying, Renounce Religion


You were on level 2 of the Lair of Beasts.
You worshipped Ashenzari.
Ashenzari was pleased with you.
You were thirsty.

You visited 3 branches of the dungeon, and saw 15 of its levels.
You also visited: Bailey.

You collected 742 gold pieces.

Inventory:

Hand Weapons
 e - a +1 dagger of venom (weapon)
Missiles
 R - 10 throwing nets (quivered)
Armour
 i - a +2 cloak (worn)
 n - a +0 robe of fire resistance (worn)
 M - a +2 robe of magic resistance
 O - a +2 buckler (worn)
 Q - a +2 helmet of intelligence (worn)
Jewellery
 a - a +2 ring of dexterity
 y - a +3 ring of protection (right hand)
 D - an uncursed ring of ice
 P - a ring of protection from fire (left hand)
Wands
 b - a wand of lightning (8/15)
 U - a wand of polymorph (8/24)
 V - a wand of acid (4/15)
 Y - a wand of hasting (6/9)
Scrolls
 h - 3 scrolls of random uselessness {unknown}
 k - 3 scrolls of amnesia {unknown}
 p - a scroll of fog {unknown}
 q - 3 scrolls of magic mapping {unknown}
 r - a scroll of enchant armour
 s - 9 scrolls of remove curse
 u - 3 scrolls of recharging {unknown}
 v - a scroll of fear
 z - 4 scrolls of enchant weapon {unknown}
 E - a scroll of immolation
 F - a scroll of teleportation
 G - 3 scrolls of blinking {unknown}
 H - 4 scrolls of noise {unknown}
 N - 2 scrolls of vulnerability {unknown}
Potions
 d - 18 potions of blood
 f - 4 potions of curing
 j - 2 potions of heal wounds
 m - 2 potions of agility
 o - a potion of brilliance
 t - a potion of resistance {unknown}
 w - 2 potions of might
 A - 3 potions of mutation {unknown}
 B - a potion of ambrosia {unknown}
 C - 2 potions of lignification {unknown}
 I - 4 potions of haste {unknown}
 J - a potion of invisibility {unknown}
 L - 3 potions of flight {unknown}


   Skills:
 + Level 7.5 Fighting
 + Level 9.1 Short Blades
 + Level 9.2 Dodging
 + Level 12.9 Stealth
 - Level 4.4 Shields
 + Level 8.0 Spellcasting
 + Level 12.1 Hexes
 + Level 2.0 Poison Magic


You had 13 spell levels left.
You knew the following spells:

 Your Spells              Type           Power        Failure   Level  Hunger
a - Corona                Hex            ######.      1%          1    None
b - Ensorcelled Hibernat  Hex/Ice        #####.       1%          2    None
c - Confuse               Hex            ######..     1%          3    None
d - Tukima's Dance        Hex            ######..     1%          3    None
e - Dazzling Spray        Conj/Hex       #####.       1%          3    None
f - Cure Poison           Pois           ###.......   6%          2    None


Dungeon Overview and Level Annotations

Branches:
Dungeon (11/15)            Temple (1/1) D:4            Lair (3/6) D:8
  Swamp: Lair:2-4    Shoals: Lair:2-4     Snake: Lair:2-4    Spider: Lair:2-4
    Orc: D:9-12

Altars:
Ashenzari
Cheibriados
Dithmenos
Elyvilon
Fedhas
Gozag
Hepliaklqana
Kikubaaqudgha
Makhleb
Nemelex Xobeh
Okawaru
Pakellas
Qazlal
Ru
Sif Muna
Trog
Uskayaw
Vehumet
Xom
Yredelemnul
Zin
The Shining One


Innate Abilities, Weirdness & Mutations

You heal slowly.
You have razor-sharp teeth.
You have supernaturally acute eyesight. (SInv)
You can survive without breathing.


Message History

You take 18 damage, and have 39/91 hp.
You have turned to stone.
The catoblepas gores you but does no damage.
The catoblepas gores you but does no damage.
The catoblepas gores you! The catoblepas gores you!
The catoblepas breathes a plume of calcifying dust at you.
The blast of calcifying dust hits you!
You are engulfed in calcifying dust.
The catoblepas breathes a plume of calcifying dust at you.
The blast of calcifying dust hits you!
* * * LOW HITPOINT WARNING * * *
You are engulfed in calcifying dust.
The catoblepas gores you!
* * * LOW HITPOINT WARNING * * *
You are engulfed in calcifying dust.
The catoblepas gores you!
* * * LOW HITPOINT WARNING * * *
The catoblepas gores you.
* * * LOW HITPOINT WARNING * * *
The catoblepas looks more healthy.
The catoblepas gores you!!
You die...

....##..#.#.##....P...P...P...P##
.##.#...##.#.###..P.P.PPP.PPPPPP#
......#.#.#..##...P.P...P.....P##
...#..#..#....##..P.PPPPP.PPPPP##
..........#..###.)..P...........#
..#.#..#.##..#.#..P.P.PPP.P.PPP..
#.#..##.#.#.......P.P...P.P...P..
.#..#..#.##.....Y.PPPPPPPPP.PPP..
####.#.###......@................
.............#....###...#+##...#.
.......###P##..#### ##..#..#...#.
.......# #####.# #..#........
.......## ##.#######..#........
.......P# #..P.##P##..#..#.....
.......## #...........#......#.
.......# ###...........#..P....#
.......# ##.#P..........#......÷.


You could see a catoblepas.

Vanquished Creatures
  Erica (D:8)
  A queen ant (Lair:2)
  A death yak (Lair:2)
  Nergalle (D:10)
  An unseen horror (D:10)
  A hill giant (D:10)
  3 elephants (Lair:2)
  Joseph (D:8)
  3 spiny frogs
  A troll (D:10)
  4 blink frogs (Lair:2)
  Grinder (D:2)
  A boulder beetle (Lair:2)
  Sigmund (D:2)
  2 wyverns
  A vampire (D:10)
  2 wraiths
  24 yaks
  A dancing weapon (D:5)
  2 hungry ghosts
  A hippogriff (Lair:3)
  Menkaure (D:5)
  2 water moccasins
  Duvessa (D:7)
  13 soldier ants (Lair:2)
  2 porcupines
  2 black bears
  3 sky beasts
  5 ogres
  3 ice beasts
  5 orc warriors
  10 wolves
  4 crocodiles
  10 giant frogs
  8 gnoll sergeants (Bailey)
  Dowan (D:7)
  5 scorpions
  2 wyvern skeletons
  3 killer bees (D:8)
  2 spriggan skeletons (D:10)
  An electric eel (Lair:1)
  4 howler monkeys
  3 crimson imps
  A giant frog zombie (D:7)
  6 hounds
  6 orc priests
  3 giant frog skeletons
  2 jellies (D:10)
  6 gnoll shamans (Bailey)
  4 orc wizards
  5 centaur skeletons
  9 iguanas
  16 worker ants
  A hound skeleton (D:4)
  A worker ant zombie (D:5)
  11 adders
  19 gnolls
  8 river rats (Lair:2)
  2 shadow imps (D:9)
  3 oozes
  2 adder skeletons (D:4)
  An adder zombie (D:6)
  3 worms
  A dart slug (D:6)
  5 giant geckos
  33 orcs
  8 bats
  6 giant cockroaches
  14 goblins
  7 hobgoblins
  9 jackals
  10 kobolds
  6 quokkas
  A giant gecko skeleton (D:3)
  8 giant newts
  A quokka skeleton (D:4)
  5 rats
367 creatures vanquished.

Vanquished Creatures (collateral kills)
  A gnoll (D:3)
1 creature vanquished.

Vanquished Creatures (others)
  A dancing weapon (D:5)
  A plant (Lair:2)
2 creatures vanquished.

Grand Total: 370 creatures vanquished

Notes
Turn   | Place    | Note
--------------------------------------------------------------
     0 | D:1      | mistymad the Vampire Enchanter began the quest for the Orb.
     0 | D:1      | Reached XP level 1. HP: 13/13 MP: 3/3
   186 | D:1      | Reached XP level 2. HP: 6/20 MP: 5/5
   993 | D:1      | Reached skill level 1 in Fighting
  1106 | D:1      | Reached XP level 3. HP: 26/26 MP: 6/6
  1110 | D:1      | Learned a level 2 spell: Ensorcelled Hibernation
  1114 | D:1      | Learned a level 3 spell: Confuse
  1141 | D:2      | Reached skill level 5 in Stealth
  1146 | D:2      | Found a sparkling altar of Nemelex Xobeh.
  1673 | D:2      | Reached XP level 4. HP: 31/32 MP: 4/7
  2007 | D:2      | Reached skill level 5 in Hexes
  2643 | D:2      | Noticed Sigmund
  2957 | D:2      | Killed Sigmund
  2957 | D:2      | Reached XP level 5. HP: 38/38 MP: 2/9
  3111 | D:3      | Noticed Grinder
  3166 | D:2      | Killed Grinder
  3166 | D:2      | Reached XP level 6. HP: 34/46 MP: 6/11
  3171 | D:2      | Learned a level 3 spell: Tukima's Dance
  3571 | D:3      | Reached XP level 7. HP: 47/51 MP: 12/12
  3852 | D:3      | Found a sparkling altar of Nemelex Xobeh.
  3958 | D:3      | Found a glowing silver altar of Zin.
  3958 | D:3      | Found a glowing golden altar of the Shining One.
  3959 | D:3      | Found a white marble altar of Elyvilon.
  4620 | D:4      | Found a staircase to the Ecumenical Temple.
  4693 | Temple   | Entered the Ecumenical Temple
  5795 | D:5      | Entered Level 5 of the Dungeon
  6002 | D:5      | Reached XP level 8. HP: 44/58 MP: 2/14
  6007 | D:5      | Learned a level 3 spell: Dazzling Spray
  6189 | D:5      | Noticed Menkaure
  6218 | D:5      | Killed Menkaure
  6722 | D:6      | Reached skill level 5 in Dodging
  6808 | D:6      | Found a shattered altar of Ashenzari.
  6904 | D:6      | Became a worshipper of Ashenzari the Shackled
  7020 | D:6      | Found a snail-covered altar of Cheibriados.
  7204 | D:7      | Found an opulent altar of Gozag.
  7278 | D:7      | Noticed Duvessa
  7278 | D:7      | Noticed Dowan
  7300 | D:7      | Killed Duvessa
  7303 | D:7      | Killed Dowan
  7901 | D:7      | Found a hazy altar of Hepliaklqana.
  8051 | D:7      | Reached XP level 9. HP: 65/65 MP: 16/16
  8056 | D:7      | Reached skill level 5 in Short Blades
  8197 | D:7      | Reached skill level 5 in Spellcasting
  8779 | D:8      | Noticed Joseph
  8803 | D:8      | Killed Joseph
  9091 | D:8      | Found a basalt altar of Yredelemnul.
  9098 | D:8      | Found a staircase to the Lair.
  9154 | D:8      | Found an oddly glowing altar of Pakellas.
  9165 | D:8      | Reached skill level 5 in Fighting
  9303 | D:8      | Noticed Erica
  9340 | D:8      | Killed Erica
  9340 | D:8      | Reached skill level 10 in Stealth
  9340 | D:8      | Reached XP level 10. HP: 69/74 MP: 8/18
  9664 | D:9      | Reached * piety under Ashenzari
 10240 | D:9      | Reached skill level 10 in Hexes
 10565 | D:9      | Found an oddly glowing altar of Pakellas.
 10703 | D:10     | Entered Level 10 of the Dungeon
 10870 | D:10     | Found a flagged portal.
 10921 | Bailey   | Entered a bailey
 11319 | Bailey   | Reached skill level 1 in Shields
 12208 | D:10     | Noticed Nergalle
 12226 | D:10     | Killed Nergalle
 12244 | D:10     | Reached XP level 11. HP: 81/81 MP: 10/20
 12459 | D:10     | Noticed a hill giant
 12468 | D:10     | Killed a hill giant
 12629 | D:10     | Noticed an unseen horror
 12674 | D:10     | Killed an unseen horror
 13172 | Lair:1   | Entered Level 1 of the Lair of Beasts
 13713 | Lair:1   | Reached ** piety under Ashenzari
 14056 | Lair:1   | Learned a level 2 spell: Cure Poison
 14744 | Lair:2   | Noticed a queen ant
 14871 | Lair:2   | Killed a queen ant
 14897 | Lair:2   | Reached XP level 12. HP: 83/91 MP: 16/23
 14954 | Lair:2   | Reached skill level 1 in Poison Magic
 15609 | Lair:2   | Noticed a death yak
 15626 | Lair:2   | Killed a death yak
 15939 | Lair:2   | Noticed a catoblepas
 15977 | Lair:2   | Slain by a catoblepas

Vault maps used:
D:1:      dpeg_arrival_renting
D:2:      kennysheep_big_flooded_room, nemelex_xobeh_ov_fountains_minmay,
          uniq_sigmund
D:3:      good_gods_mini_temple, hangedman_decor_lopped, lemuel_statue_altar,
          uniq_grinder
D:4:      minmay_temple_entry_enclosed_plants, first_bread
D:5:      uniq_menkaure
D:6:      ashenzari_conservatory_becter, kennysheep_slug_shrine
D:7:      nicolae_overflow_hidden_temple, nicolae_gozag_seed_capital,
          uniq_duvessa
D:8:      yredelemnul_altar_generic, kennysheep_mini, lair_0_dummy, uniq_joseph,
          uniq_erica
D:9:      grunt_pakellas_basics
D:10:     enter_bailey_3, hangedman_tell_no_tales, uniq_nergalle
D:11:     lemuel_insect_pit
Temple:   circular_temple_12
Lair:1:   serial_bayou_shore_b, serial_bayou_shore_a
Lair:2:   minmay_hedge_maze, minmay_another_anthill, bh_autumn_forest_stairs
Lair:3:   swamp_mist_pool, minmay_snake_entry_six_corridors, st_stairs_13,
          wad_woods_06
Bailey:   bailey_polearm_gnolls_kennysheep, bailey

Skill      XL: |  1  2  3  4  5  6  7  8  9 10 11 12 |
---------------+-------------------------------------+-----
Fighting       | 1 2 3 4 5 6 7 |  7.5
Stealth        | 5 6 7 8 10 11 12 | 12.9
Hexes          | 5 6 7 8 9 10 11 12 | 12.1
Short Blades   | 2 3 4 6 7 8 9 |  9.1
Dodging        | 3 4 5 6 7 8 9 |  9.2
Spellcasting   | 3 4 5 6 7 8 |  8.0
Shields        | 2 4 |  4.4
Poison Magic   | 2 |  2.0

Action                   |  1- 3 |  4- 6 |  7- 9 | 10-12 || total
-------------------------+-------+-------+-------+-------++-------
Melee: Dagger            |    43 |       |   154 |   600 ||   797
       Bite              |     7 |    11 |    32 |    52 ||   102
       Short sword       |    46 |    98 |   177 |       ||   321
 Cast: Corona            |     1 |       |       |       ||     1
       Ensorcelled Hiber |     1 |     7 |    23 |    99 ||   130
       Confuse           |       |     9 |    34 |    79 ||   122
       Tukima's Dance    |       |     1 |     6 |     2 ||     9
       Cure Poison       |       |       |       |     1 ||     1
       Dazzling Spray    |       |       |       |     8 ||     8
  Use: Potion            |     2 |     4 |    14 |     7 ||    27
       Scroll            |       |       |       |    11 ||    11
 Stab: Sleeping          |    11 |     3 |    35 |    95 ||   144
       Confused          |       |     4 |    16 |    50 ||    70
       Distracted        |       |       |     2 |       ||     2
       Invisible         |       |       |       |     2 ||     2
Armor: Robe              |    10 |    21 |    35 |    73 ||   139
Dodge: Dodged            |    48 |    54 |   165 |   280 ||   547
Block: Buckler           |       |       |       |   112 ||   112
